[ AOE2 MATCH · #478357982 ]
UnrankedSaracens vs Mapuche
[ REPLAY ANALYSIS · EXTRACTED FROM THE RECORDED GAME ]
Feudal
—
Castle
—
Imperial
—
| APM avg | 36.8 |
| APM peak | 47 |
| eAPM avg | 12.8 |
| Villagers / military | 14 / 0 |
Focus
⚔️ 13.2% · 🌾 86.8%
Feudal
—
Castle
—
Imperial
—
| APM avg | 41.9 |
| APM peak | 70 |
| eAPM avg | 15.9 |
| Villagers / military | 16 / 0 |
Focus
⚔️ 15.0% · 🌾 85.0%
Feudal
—
Castle
—
Imperial
—
| APM avg | 36.4 |
| APM peak | 60 |
| eAPM avg | 21.9 |
| Villagers / military | 14 / 0 |
Focus
⚔️ 40.8% · 🌾 59.2%
Feudal
—
Castle
—
Imperial
—
| APM avg | 25.9 |
| APM peak | 52 |
| eAPM avg | 11.1 |
| Villagers / military | 23 / 0 |
Focus
⚔️ 14.5% · 🌾 85.5%
Feudal
—
Castle
—
Imperial
—
| APM avg | 34.7 |
| APM peak | 60 |
| eAPM avg | 20.1 |
| Villagers / military | 17 / 0 |
Focus
⚔️ 27.3% · 🌾 72.7%
Feudal
—
Castle
—
Imperial
—
| APM avg | 28.7 |
| APM peak | 47 |
| eAPM avg | 13.9 |
| Villagers / military | 13 / 0 |
Focus
⚔️ 20.0% · 🌾 80.0%
Feudal
—
Castle
—
Imperial
—
| APM avg | 35.3 |
| APM peak | 65 |
| eAPM avg | 9.5 |
| Villagers / military | 19 / 0 |
Focus
⚔️ 37.7% · 🌾 62.3%
Feudal
—
Castle
—
Imperial
—
| APM avg | 50.8 |
| APM peak | 67 |
| eAPM avg | 16.5 |
| Villagers / military | 21 / 0 |
Focus
⚔️ 11.8% · 🌾 88.2%
Match map
Initial resources + every placement click. Lines = walls · curves = elevation contours. ◆ gold · ⬟ stone · ● berries · ✦ relic · ◌ wall gap
Your base
[AoHD] Milmano's base
NOC | Annotoph's base
Igris's base
Nervkeks's base
Sace's base
TeTo's base
NOC | Running's base
Smoothed initial terrain · ◌ = detected wall gap · hover for details
Inputs per minute
— NOC | Alf Shumway - - [AoHD] Milmano
Build order — NOC | Alf Shumway
19 actions detected in the replay
| 0:36 | Build | Town Center |
| 2:39 | Build | House |
| 2:52 | Create | Villager (Male) |
| 2:53 | Create | Villager (Male) |
| 2:53 | Create | Villager (Male) |
| 2:53 | Create | Villager (Male) |
| 3:44 | Create | Villager (Male) |
| 3:44 | Create | Villager (Male) |
| 4:14 | Create | Villager (Male) |
| 4:21 | Build | House |
| 4:56 | Create | Villager (Male) |
| 5:10 | Build | Lumber Camp |
| 5:53 | Create | Villager (Male) |
| 5:54 | Create | Villager (Male) |
| 5:55 | Create | Villager (Male) |
| 6:25 | Build | House |
| 7:05 | Create | Villager (Male) |
| 7:05 | Create | Villager (Male) |
| 7:11 | Create | Villager (Male) |
Build order — [AoHD] Milmano
20 actions detected in the replay
| 0:09 | Build | Town Center |
| 2:31 | Build | House |
| 2:34 | Create | Villager (Male) |
| 2:34 | Create | Villager (Male) |
| 2:34 | Create | Villager (Male) |
| 2:34 | Create | Villager (Male) |
| 3:35 | Create | Villager (Male) |
| 4:16 | Create | Villager (Male) |
| 4:16 | Create | Villager (Male) |
| 4:21 | Build | Settlement |
| 4:31 | Create | Villager (Male) |
| 4:57 | Create | Villager (Male) |
| 5:20 | Create | Villager (Male) |
| 5:36 | Create | Villager (Male) |
| 5:56 | Create | Villager (Male) |
| 5:56 | Create | Villager (Male) |
| 6:34 | Build | Settlement |
| 6:41 | Create | Villager (Male) |
| 6:41 | Create | Villager (Male) |
| 6:41 | Create | Villager (Male) |
Build order — NOC | Annotoph
28 actions detected in the replay
| 0:04 | Build | Town Center |
| 2:19 | Create | Villager (Male) |
| 2:19 | Create | Villager (Male) |
| 2:19 | Create | Villager (Male) |
| 2:23 | Build | House |
| 2:44 | Create | Villager (Male) |
| 2:45 | Create | Villager (Male) |
| 2:58 | Build | Palisade Wall |
| 3:05 | Build | Palisade Wall |
| 3:10 | Build | Palisade Wall |
| 3:10 | Build | Palisade Wall |
| 3:21 | Build | Palisade Wall |
| 3:26 | Create | Villager (Male) |
| 4:01 | Build | Mule Cart |
| 4:20 | Create | Villager (Male) |
| 4:35 | Build | House |
| 4:44 | Create | Villager (Male) |
| 5:02 | Create | Villager (Male) |
| 5:15 | Build | Palisade Gate |
| 5:27 | Build | Mill |
| 5:31 | Build | Palisade Wall |
| 5:31 | Build | Palisade Wall |
| 5:38 | Create | Villager (Male) |
| 5:55 | Create | Villager (Male) |
| 6:09 | Build | House |
| 6:21 | Create | Villager (Male) |
| 6:50 | Create | Villager (Male) |
| 7:10 | Create | Villager (Male) |
Build order — Igris
30 actions detected in the replay
| 0:42 | Build | Town Center |
| 0:50 | Build | House |
| 2:44 | Create | Villager (Male) |
| 2:44 | Create | Villager (Male) |
| 2:44 | Create | Villager (Male) |
| 2:44 | Create | Villager (Male) |
| 2:45 | Create | Villager (Male) |
| 3:07 | Research | Loom |
| 3:08 | Create | Villager (Male) |
| 3:20 | Create | Villager (Male) |
| 3:20 | Create | Villager (Male) |
| 3:21 | Create | Villager (Male) |
| 3:55 | Research | Loom |
| 4:27 | Create | Villager (Male) |
| 4:27 | Create | Villager (Male) |
| 4:27 | Create | Villager (Male) |
| 4:56 | Create | Villager (Male) |
| 4:57 | Create | Villager (Male) |
| 4:57 | Create | Villager (Male) |
| 5:00 | Build | Lumber Camp |
| 5:00 | Create | Villager (Male) |
| 5:01 | Create | Villager (Male) |
| 5:52 | Build | House |
| 6:13 | Create | Villager (Male) |
| 6:16 | Create | Villager (Male) |
| 6:16 | Create | Villager (Male) |
| 6:16 | Create | Villager (Male) |
| 6:17 | Create | Villager (Male) |
| 6:47 | Build | House |
| 6:50 | Create | Villager (Male) |
Build order — Nervkeks
32 actions detected in the replay
| 0:50 | Build | Town Center |
| 2:40 | Build | House |
| 2:47 | Create | Villager (Male) |
| 2:47 | Create | Villager (Male) |
| 2:48 | Create | Villager (Male) |
| 2:48 | Create | Villager (Male) |
| 3:45 | Create | Villager (Male) |
| 4:00 | Build | Palisade Wall |
| 4:02 | Build | Palisade Wall |
| 4:04 | Build | Palisade Wall |
| 4:06 | Build | Palisade Wall |
| 4:08 | Build | Palisade Wall |
| 4:15 | Build | Palisade Wall |
| 4:16 | Build | Palisade Wall |
| 4:20 | Build | Palisade Wall |
| 4:36 | Create | Villager (Male) |
| 4:36 | Create | Villager (Male) |
| 4:51 | Create | Villager (Male) |
| 4:51 | Create | Villager (Male) |
| 5:01 | Build | Lumber Camp |
| 5:13 | Build | House |
| 5:18 | Create | Villager (Male) |
| 5:19 | Create | Villager (Male) |
| 5:33 | Build | House |
| 5:36 | Build | Palisade Wall |
| 5:42 | Create | Villager (Male) |
| 5:42 | Create | Villager (Male) |
| 6:14 | Build | Mill |
| 6:34 | Create | Villager (Male) |
| 6:34 | Create | Villager (Male) |
| 7:02 | Create | Villager (Male) |
| 7:23 | Create | Villager (Male) |
Build order — Sace
19 actions detected in the replay
| 0:38 | Build | Town Center |
| 1:18 | Build | House |
| 2:29 | Create | Villager (Male) |
| 2:30 | Create | Villager (Male) |
| 2:30 | Create | Villager (Male) |
| 2:30 | Create | Villager (Male) |
| 3:40 | Build | Lumber Camp |
| 3:52 | Create | Villager (Male) |
| 4:17 | Create | Villager (Male) |
| 4:45 | Create | Villager (Male) |
| 5:17 | Create | Villager (Male) |
| 5:17 | Create | Villager (Male) |
| 5:31 | Build | House |
| 5:33 | Research | Loom |
| 5:40 | Create | Villager (Male) |
| 5:55 | Create | Villager (Male) |
| 6:30 | Create | Villager (Male) |
| 6:37 | Build | Mill |
| 6:43 | Create | Villager (Male) |
Build order — TeTo
16 actions detected in the replay
| 0:30 | Build | Town Center |
| 2:57 | Create | Villager (Male) ×4 |
| 2:57 | Create | Villager (Male) ×4 |
| 4:37 | Create | Villager (Male) |
| 4:37 | Create | Villager (Male) |
| 4:40 | Create | Villager (Male) |
| 4:40 | Create | Villager (Male) |
| 5:03 | Build | Lumber Camp |
| 5:51 | Create | Villager (Male) |
| 5:51 | Create | Villager (Male) |
| 5:52 | Create | Villager (Male) |
| 6:14 | Build | Palisade Wall |
| 6:19 | Create | Villager (Male) |
| 6:19 | Create | Villager (Male) |
| 7:03 | Create | Villager (Male) |
| 7:03 | Create | Villager (Male) |
Build order — NOC | Running
26 actions detected in the replay
| 0:17 | Build | Town Center |
| 2:18 | Create | Villager (Male) |
| 2:18 | Create | Villager (Male) |
| 2:18 | Create | Villager (Male) |
| 2:18 | Create | Villager (Male) |
| 2:20 | Build | House |
| 3:11 | Build | Lumber Camp |
| 3:21 | Create | Villager (Male) |
| 3:21 | Create | Villager (Male) |
| 3:37 | Build | House |
| 3:48 | Create | Villager (Male) |
| 3:49 | Create | Villager (Male) |
| 4:47 | Create | Villager (Male) |
| 4:47 | Create | Villager (Male) |
| 5:18 | Create | Villager (Male) |
| 5:19 | Create | Villager (Male) |
| 5:44 | Build | House |
| 6:00 | Create | Villager (Male) |
| 6:00 | Create | Villager (Male) |
| 6:01 | Create | Villager (Male) |
| 6:02 | Create | Villager (Male) |
| 6:25 | Create | Villager (Male) |
| 6:25 | Create | Villager (Male) |
| 6:25 | Create | Villager (Male) |
| 6:55 | Create | Villager (Male) |
| 7:07 | Create | Villager (Male) |
Match timeline
| 2:58 | NOC | Annotoph · wall_segment Palisade Wall x1 |
| 3:05 | NOC | Annotoph · wall_segment Palisade Wall x1 |
| 3:10 | NOC | Annotoph · wall_segment Palisade Wall x1 |
| 3:10 | NOC | Annotoph · wall_segment Palisade Wall x1 |
| 3:21 | NOC | Annotoph · wall_segment Palisade Wall x1 |
| 4:00 | Nervkeks · wall_segment Palisade Wall x1 |
| 4:02 | Nervkeks · wall_segment Palisade Wall x1 |
| 4:04 | Nervkeks · wall_segment Palisade Wall x1 |
| 4:06 | Nervkeks · wall_segment Palisade Wall x1 |
| 4:08 | Nervkeks · wall_segment Palisade Wall x1 |
| 4:15 | Nervkeks · wall_segment Palisade Wall x1 |
| 4:16 | Nervkeks · wall_segment Palisade Wall x1 |
| 4:20 | Nervkeks · wall_segment Palisade Wall x1 |
| 5:31 | NOC | Annotoph · wall_segment Palisade Wall x1 |
| 5:31 | NOC | Annotoph · wall_segment Palisade Wall x1 |
| 5:36 | Nervkeks · wall_segment Palisade Wall x1 |
| 6:14 | TeTo · wall_segment Palisade Wall x2 |
| 6:58 | Sace · resign |
[ AI ANALYSIS · 1 CREDIT ]
What really happened in this match?
Wolo.gg analyzes every decision: build order, eco, micro, common mistakes by bracket. Personalized analysis on WhatsApp or Discord in 30 seconds.
Civ guide
Saracens
Perfil
Jugador #1423284